WCHLSIM.com - West Coast Hockey League
html PUBLIC "-//W3C//DTD XHTML 1.0 Transitional//EN" "http://www.w3.org/TR/xhtml1/DTD/xhtml1-transitional.dtd"> WCHL - Game 363 - SEATTLE GRUNGE vs VANCOUVER VOODOO

SEATTLE GRUNGE vs VANCOUVER VOODOO

Created - 2 décembre 2022 at 07:47

Goals
1 2 3 T
SEATTLE GRUNGE 1 1 0 2
VANCOUVER VOODOO 0 0 1 1
Shots
1 2 3 T
SEATTLE GRUNGE 9 9 4 22
VANCOUVER VOODOO 9 4 13 26

1st period

1. SEATTLE GRUNGE , Kyle Palmieri 4 (Tyler Seguin 8, Nick Seeler 1) at 12:58

Penalties :
Brendan Lemieux (VAN) for Holding (Minor) at 3:39, Jack Ahcan (VAN) for Hooking (Minor) at 18:59

2nd period

2. SEATTLE GRUNGE , Rem Pitlick 4 (Garnet Hathaway 14) at 2:14

Penalties :
Cole Sillinger (VAN) for Holding (Minor) at 4:12, Logan Stanley (VAN) for Hooking (Minor) at 5:46, Patric Hornqvist (VAN) for Hooking (Minor) at 13:18, Kyle Palmieri (SEA) for Boarding (Minor) at 13:18

3rd period

3. VANCOUVER VOODOO , Josh Bailey 7 (Anthony Beauvillier 7) at 3:59

Penalties :
Tomas Tatar (SEA) for Roughing (Minor) at 11:13

Goalie Stats

Semyon Varlamov (SEA), 25 saves from 26 shots - (0,962), W, 5-8-2, 60:00 minutes
Jake Allen (VAN), 20 saves from 22 shots - (0,909), L, 5-7-0, 59:15 minutes

Players Stats for SEATTLE GRUNGE

Player Name              G  A  P  +/- PIM S  H  SB GA TA FO     MP     PP MP  PK MP  
------------------------------------------------------------------------------------
Carl Hagelin             0  0  0   0  0   0  2  0  0  0  2/3    13:35   3:25   0:00 
David Savard             0  0  0   0  0   2  1  2  0  0  0/0    24:15   4:10   0:48 
Garnet Hathaway          0  1  1   1  0   0  5  0  0  0  1/4    19:03   4:06   0:54 
Jakub Vrana              0  0  0   1  0   2  0  0  0  0  0/0    20:03   4:06   1:00 
Kyle Palmieri            1  0  1   0  2   2  0  0  0  0  0/2    16:55   0:00   0:00 
Milan Lucic              0  0  0   0  0   1  2  0  0  0  1/3     9:15   0:00   0:48 
Morgan Geekie            0  0  0   0  0   2  2  0  0  0  0/0    10:10   0:00   0:00 
Nick Seeler              0  1  1   0  0   0  3  0  0  0  0/0    16:36   0:44   0:00 
Nicolas Meloche          0  0  0   1  0   1  2  0  0  0  0/0    18:57   2:37   0:48 
Nikita Zaitsev           0  0  0   0  0   0  1  1  0  0  0/0    21:08   3:11   1:11 
Rem Pitlick              1  0  1   1  0   3  0  0  0  0  6/22   18:09   4:06   0:00 
Riley Sheahan            0  0  0   0  0   0  1  0  0  0  7/8    10:10   0:00   0:00 
Roman Josi               0  0  0   0  0   2  0  4  0  0  0/0    23:26   4:20   0:00 
T.J. Tynan               0  0  0   0  0   0  0  0  0  0  0/0     7:39   0:17   0:00 
Tomas Tatar              0  0  0   0  2   3  0  0  0  0  0/2    20:57   3:08   0:00 
Travis Sanheim           0  0  0   1  0   0  0  0  0  0  0/0    15:38   0:00   1:11 
Tyler Seguin             0  1  1   0  0   4  2  0  0  0  15/30  22:42   3:25   1:16 
Warren Foegele           0  0  0   0  0   0  0  0  0  0  1/3     7:22   0:00   0:00 

Players Stats for VANCOUVER VOODOO

Player Name              G  A  P  +/- PIM S  H  SB GA TA FO     MP     PP MP  PK MP  
------------------------------------------------------------------------------------
Adam Gaudette            0  0  0   0  0   0  1  0  0  0  3/7     8:27   0:50   0:00 
Anthony Beauvillier      0  1  1   1  0   1  0  0  0  0  1/1    17:09   1:09   0:00 
Braden Schneider         0  0  0   0  0   1  2  0  0  0  0/0    17:18   0:00   0:19 
Brendan Gallagher        0  0  0  -1  0   1  0  0  0  0  0/1    10:24   0:00   0:00 
Brendan Lemieux          0  0  0  -1  2   1  3  1  0  0  0/1    12:04   0:00   1:41 
Brett Kulak              0  0  0   0  0   0  1  0  0  0  0/0    22:09   1:09   3:28 
Cole Sillinger           0  0  0   1  2   0  2  0  0  0  9/17   16:32   0:00   0:00 
Denis Gurianov           0  0  0   0  0   2  0  0  0  0  0/0     8:46   1:09   0:00 
Dominik Kubalik          0  0  0   0  0   1  1  0  0  0  2/3     8:27   0:50   0:00 
Jack Ahcan               0  0  0   0  2   0  3  2  0  0  0/0    18:07   1:09   0:42 
Josh Anderson            0  0  0  -1  0   2  3  0  0  0  0/0    15:51   0:00   0:00 
Josh Bailey              1  0  1   1  0   3  0  1  0  0  4/5    20:49   0:50   2:33 
Logan Stanley            0  0  0  -1  2   0  2  2  0  0  0/0    19:48   0:00   3:07 
Marcus Johansson         0  0  0  -1  0   3  0  0  0  0  5/14   12:02   1:09   1:17 
Matthew Grzelcyk         0  0  0  -1  0   0  0  0  0  0  0/0    20:52   0:50   4:03 
Mike Reilly              0  0  0   0  0   1  2  1  0  0  0/0    21:44   0:50   3:22 
Patric Hornqvist         0  0  0  -1  2   6  1  2  0  0  1/1    19:02   0:00   4:33 
Radek Faksa              0  0  0  -1  0   4  2  0  0  0  19/27  20:29   0:00   4:33 

3 Stars

1 - Semyon Varlamov (SEA)
2 - Garnet Hathaway (SEA)
3 - Rem Pitlick (SEA)

Power Play

SEATTLE GRUNGE - 0 on 4 Attempt(s) - 0,00%
VANCOUVER VOODOO - 0 on 1 Attempt(s) - 0,00%

Penalty Kill

SEATTLE GRUNGE - 1 on 1 Attempt(s) - 100,00% - Score 0 goal in Penalty Kill
VANCOUVER VOODOO - 4 on 4 Attempt(s) - 100,00% - Score 0 goal in Penalty Kill

Team Stat

SEATTLE GRUNGE - Hits : 21 - Faceoff Wins : 33 - Blocked Shots : 7 - Penalty Minutes : 4
VANCOUVER VOODOO - Hits : 23 - Faceoff Wins : 44 - Blocked Shots : 9 - Penalty Minutes : 10

Official

Referees : Conor O'Donnell and Peter MacDougall
Linesman : Luke Murray and Luke Galvin

Game Notes

No Game Note

Finance

Level 1 -- Attendance: 7200 (100,00%) -- Ticket Income 1 044 000 $
Level 2 -- Attendance: 5500 (100,00%) -- Ticket Income 550 000 $
Level 3 -- Attendance: 2783 (92,77%) -- Ticket Income 189 244 $
Level 4 -- Attendance: 5523 (92,05%) -- Ticket Income 265 104 $
Luxury Box -- Attendance: 904 (90,40%) -- Ticket Income 271 200 $
Total Attendance: 21910 (96,52%)
Total Ticket Income: 2 319 548 $
Other Expense: 23 195 $
Total Income: 2 296 353 $

SEATTLE GRUNGE

5 vs 5 Forward 
   Center                   Left Wing                Right Wing               Time % Phy DF OF 
 1 Tyler Seguin             Tomas Tatar              Kyle Palmieri            36     1   2  2  
 2 Rem Pitlick              Jakub Vrana              Garnet Hathaway          31     1   2  2  
 3 Riley Sheahan            Carl Hagelin             Morgan Geekie            23     1   2  2  
 4 Warren Foegele           Milan Lucic              T.J. Tynan               10     1   2  2  

5 vs 5 Defense 
   Defense                  Defense                                           Time % Phy DF OF 
 1 Roman Josi               David Savard                                      36     1   2  2  
 2 Nikita Zaitsev           Nick Seeler                                       31     1   2  2  
 3 Nicolas Meloche          Travis Sanheim                                    23     1   2  2  
 4 Roman Josi               David Savard                                      10     1   2  2  

PowerPlay Forward 
   Center                   Left Wing                Right Wing               Time % Phy DF OF 
 1 Tyler Seguin             Tomas Tatar              Carl Hagelin             55     1   2  2  
 2 Rem Pitlick              Jakub Vrana              Garnet Hathaway          45     1   2  2  

PowerPlay Defense
   Defense                  Defense                                           Time % Phy DF OF 
 1 Roman Josi               David Savard                                      55     1   2  2  
 2 Nikita Zaitsev           Nicolas Meloche                                   45     1   2  2  

Penalty Kill 4 Players Forward 
   Center                   Wing                     Time % Phy DF OF 
 1 Tyler Seguin             Garnet Hathaway          55     1   2  2  
 2 Tomas Tatar              Jakub Vrana              45     1   2  2  

Penalty Kill 4 Players Defense
   Defense                  Defense                  Time % Phy DF OF 
 1 Nicolas Meloche          David Savard             55     1   2  2  
 2 Nikita Zaitsev           Travis Sanheim           45     1   2  2  

Penalty Kill - 3 Players Forward 
   Forward                                           Time % Phy DF OF 
 1 Tyler Seguin                                      55     1   2  2  
 2 Tomas Tatar                                       45     1   2  2  

Penalty Kill - 3 Players Defense
   Defense                  Defense                  Time % Phy DF OF 
 1 Roman Josi               David Savard             55     1   2  2  
 2 Nikita Zaitsev           Nicolas Meloche          45     1   2  2  

4 vs 4 Forward 
   Center                   Wing                     Time % Phy DF OF 
 1 Tyler Seguin             Milan Lucic              55     1   2  2  
 2 Tomas Tatar              Jakub Vrana              45     1   2  2  

4 vs 4 Defense
   Defense                  Defense                  Time % Phy DF OF 
 1 Nicolas Meloche          David Savard             55     1   2  2  
 2 Nikita Zaitsev           Roman Josi               45     1   2  2  

Last Minutes Offensive
   Center                   Left Wing                Right Wing               Defense                  Defense                  
   Tyler Seguin             Tomas Tatar              Kyle Palmieri            Roman Josi               David Savard             

Last Minutes Defensive
   Center                   Left Wing                Right Wing               Defense                  Defense                  
   Tyler Seguin             Tomas Tatar              Kyle Palmieri            Roman Josi               David Savard             

Goaltenders
Starting : Semyon Varlamov          
Backup : Andrew Hammond           

Extra Forwards
Normal : T.J. Tynan, Carl Hagelin, Milan Lucic - PP : T.J. Tynan, Carl Hagelin - PK : Milan Lucic
Extra Defensemen
Normal : Nicolas Meloche, David Savard, Nikita Zaitsev - PP : Nicolas Meloche - PK : David Savard, Nikita Zaitsev
Penalty Shots
Tyler Seguin, T.J. Tynan, Tomas Tatar, Jakub Vrana, Garnet Hathaway
Custom OT Lines Forwards
Tyler Seguin, T.J. Tynan, Tomas Tatar, Jakub Vrana, Garnet Hathaway, Carl Hagelin, Milan Lucic, Rem Pitlick, Riley Sheahan, Warren Foegele
Custom OT Lines Defensemen
Nick Seeler, David Savard, Nikita Zaitsev, Travis Sanheim, Nicolas Meloche

Scratches
Danny DeKeyser (Sore Left Knee Injury), Wayne Simmonds (Healthy), Devan Dubnyk (Exhaustion)

VANCOUVER VOODOO

5 vs 5 Forward 
   Center                   Left Wing                Right Wing               Time % Phy DF OF 
 1 Cole Sillinger           Anthony Beauvillier      Josh Bailey              33     2   1  2  
 2 Radek Faksa              Josh Anderson            Patric Hornqvist         32     2   2  1  
 3 Marcus Johansson         Brendan Lemieux          Brendan Gallagher        22     3   1  1  
 4 Adam Gaudette            Dominik Kubalik          Denis Gurianov           13     3   1  1  

5 vs 5 Defense 
   Defense                  Defense                                           Time % Phy DF OF 
 1 Matthew Grzelcyk         Logan Stanley                                     36     1   3  1  
 2 Brett Kulak              Mike Reilly                                       34     2   1  2  
 3 Jack Ahcan               Braden Schneider                                  30     1   3  1  
 4 Matthew Grzelcyk         Mike Reilly                                       0      1   2  2  

PowerPlay Forward 
   Center                   Left Wing                Right Wing               Time % Phy DF OF 
 1 Adam Gaudette            Dominik Kubalik          Josh Bailey              55     1   0  4  
 2 Marcus Johansson         Anthony Beauvillier      Denis Gurianov           45     1   2  2  

PowerPlay Defense
   Defense                  Defense                                           Time % Phy DF OF 
 1 Matthew Grzelcyk         Mike Reilly                                       50     1   2  2  
 2 Brett Kulak              Jack Ahcan                                        50     1   1  3  

Penalty Kill 4 Players Forward 
   Center                   Wing                     Time % Phy DF OF 
 1 Radek Faksa              Patric Hornqvist         55     1   4  0  
 2 Josh Bailey              Brendan Lemieux          45     3   2  0  

Penalty Kill 4 Players Defense
   Defense                  Defense                  Time % Phy DF OF 
 1 Logan Stanley            Matthew Grzelcyk         50     1   4  0  
 2 Mike Reilly              Brett Kulak              50     2   2  1  

Penalty Kill - 3 Players Forward 
   Forward                                           Time % Phy DF OF 
 1 Marcus Johansson                                  55     3   2  0  
 2 Brendan Lemieux                                   45     1   1  3  

Penalty Kill - 3 Players Defense
   Defense                  Defense                  Time % Phy DF OF 
 1 Brett Kulak              Logan Stanley            55     1   3  1  
 2 Matthew Grzelcyk         Braden Schneider         45     1   3  1  

4 vs 4 Forward 
   Center                   Wing                     Time % Phy DF OF 
 1 Radek Faksa              Josh Bailey              55     0   2  3  
 2 Cole Sillinger           Josh Anderson            45     2   2  1  

4 vs 4 Defense
   Defense                  Defense                  Time % Phy DF OF 
 1 Brett Kulak              Mike Reilly              50     1   3  1  
 2 Braden Schneider         Logan Stanley            50     2   2  1  

Last Minutes Offensive
   Center                   Left Wing                Right Wing               Defense                  Defense                  
   Cole Sillinger           Josh Anderson            Josh Bailey              Matthew Grzelcyk         Logan Stanley            

Last Minutes Defensive
   Center                   Left Wing                Right Wing               Defense                  Defense                  
   Radek Faksa              Brendan Lemieux          Patric Hornqvist         Matthew Grzelcyk         Logan Stanley            

Goaltenders
Starting : Jake Allen               
Backup : Samuel Montembeault      

Extra Forwards
Normal : Brendan Lemieux, Cole Sillinger, Anthony Beauvillier - PP : Josh Anderson, Adam Gaudette - PK : Josh Bailey
Extra Defensemen
Normal : Braden Schneider, Brett Kulak, Matthew Grzelcyk - PP : Mike Reilly - PK : Jack Ahcan, Mike Reilly
Penalty Shots
Josh Bailey, Josh Anderson, Anthony Beauvillier, Dominik Kubalik, Adam Gaudette
Custom OT Lines Forwards
Josh Bailey, Brendan Gallagher, Patric Hornqvist, Josh Anderson, Anthony Beauvillier, Dominik Kubalik, Denis Gurianov, Brendan Lemieux, Cole Sillinger, Marcus Johansson
Custom OT Lines Defensemen
Logan Stanley, Matthew Grzelcyk, Brett Kulak, Mike Reilly, Braden Schneider

Scratches
Sebastien Aho (Broken Bone (Right Ankle) Injury), Jack McBain (Fractured Bone in Right Hand Injury), Noel Acciari (Left Leg Injury)

% Time on Ice - SEATTLE GRUNGE

Lines # - Real PCT - Wanted PCT - Time Play
Normal Forward
1 - 35% - 36% - 16:56
2 - 29% - 31% - 14:03
3 - 21% - 23% - 10:10
4 - 15% - 10% - 7:22
Normal Defense
1 - 34% - 36% - 16:28
2 - 33% - 31% - 15:52
3 - 30% - 23% - 14:27
4 - 4% - 10% - 1:44
PP Forward
1 - 45% - 55% - 3:25
2 - 55% - 45% - 4:06
PP Defense
1 - 58% - 55% - 4:20
2 - 42% - 45% - 3:11
PK Forward
1 - 50% - 55% - 0:59
2 - 50% - 45% - 1:00
PK Defense
1 - 40% - 55% - 0:48
2 - 60% - 45% - 1:11
PK3 Forward
1 - 0% - 55%
2 - 0% - 45%
PK3 Defense
1 - 0% - 55%
2 - 0% - 45%
44 Forward
1 - 55% - 55% - 1:05
2 - 45% - 45% - 0:54
44 Defense
1 - 55% - 55% - 1:05
2 - 45% - 45% - 0:54
Last Minute Offensive  - 0:00
Last Minute Defensive  - 0:00
Total
Forward - 60:00
Defense - 60:00

% Time on Ice - VANCOUVER VOODOO

Lines # - Real PCT - Wanted PCT - Time Play
Normal Forward
1 - 34% - 33% - 16:00
2 - 30% - 32% - 14:30
3 - 20% - 22% - 9:36
4 - 16% - 13% - 7:37
Normal Defense
1 - 32% - 36% - 15:11
2 - 34% - 34% - 16:15
3 - 34% - 30% - 16:17
4 - 0% - 0% - 0:00
PP Forward
1 - 42% - 55% - 0:50
2 - 58% - 45% - 1:09
PP Defense
1 - 42% - 50% - 0:50
2 - 58% - 50% - 1:09
PK Forward
1 - 64% - 55% - 4:33
2 - 36% - 45% - 2:33
PK Defense
1 - 53% - 50% - 3:44
2 - 47% - 50% - 3:22
PK3 Forward
1 - 100% - 55% - 0:25
2 - 0% - 45% - 0:00
PK3 Defense
1 - 24% - 55% - 0:06
2 - 76% - 45% - 0:19
44 Forward
1 - 72% - 55% - 1:26
2 - 28% - 45% - 0:33
44 Defense
1 - 65% - 50% - 1:17
2 - 35% - 50% - 0:42
Last Minute Offensive  - 0:48
Last Minute Defensive  - 0:00
Total
Forward - 60:00
Defense - 60:00

Play-by-Play

1st period


0:01 of 1st period - Tyler Seguin wins face-off versus Cole Sillinger in neutral zone.
0:12 of 1st period - Shot by Tyler Seguin.
0:12 of 1st period - Stopped by Jake Allen without a rebound.
0:13 of 1st period - Radek Faksa wins face-off versus Rem Pitlick in VANCOUVER VOODOO zone.
0:33 of 1st period - Shot by Patric Hornqvist.
0:33 of 1st period - Shot Misses the Net.
0:35 of 1st period - Shot by Mike Reilly.
0:35 of 1st period - Stopped by Semyon Varlamov with a rebound.
1:54 of 1st period - Shot by Brendan Gallagher.
1:54 of 1st period - Shot Misses the Net.
2:17 of 1st period - Icing by Nicolas Meloche.
2:18 of 1st period - Carl Hagelin wins face-off versus Cole Sillinger in SEATTLE GRUNGE zone.
2:33 of 1st period - Icing by Josh Bailey.
2:34 of 1st period - Cole Sillinger wins face-off versus Tyler Seguin in VANCOUVER VOODOO zone.
3:38 of 1st period - Shot by Denis Gurianov.
3:38 of 1st period - Stopped by Semyon Varlamov without a rebound.
3:39 of 1st period - Warren Foegele wins face-off versus Brendan Gallagher in SEATTLE GRUNGE zone.
3:39 of 1st period - Minor Penalty to Brendan Lemieux for Holding.
3:40 of 1st period - Radek Faksa wins face-off versus Rem Pitlick in VANCOUVER VOODOO zone.
3:40 of 1st period - Radek Faksa is hit by Garnet Hathaway.
5:42 of 1st period - Dominik Kubalik is hit by Milan Lucic and loses puck.
6:09 of 1st period - Shot by Denis Gurianov.
6:09 of 1st period - Stopped by Semyon Varlamov without a rebound.
6:10 of 1st period - Riley Sheahan wins face-off versus Marcus Johansson in SEATTLE GRUNGE zone.
7:22 of 1st period - Braden Schneider is hit by Tyler Seguin and loses puck.
7:45 of 1st period - Icing by Anthony Beauvillier.
7:46 of 1st period - Cole Sillinger wins face-off versus Rem Pitlick in VANCOUVER VOODOO zone.
7:51 of 1st period - Garnet Hathaway is hit by Cole Sillinger.
8:27 of 1st period - Icing by Nicolas Meloche.
8:28 of 1st period - Garnet Hathaway wins face-off versus Dominik Kubalik in SEATTLE GRUNGE zone.
9:18 of 1st period - Warren Foegele is hit by Adam Gaudette and loses puck.
9:41 of 1st period - Shot by Radek Faksa.
9:41 of 1st period - Deflect By Patric Hornqvist.
9:41 of 1st period - Shot Misses the Net.
9:43 of 1st period - Shot by Matthew Grzelcyk.
9:43 of 1st period - Shot Blocked by Roman Josi.
9:45 of 1st period - Shot by Patric Hornqvist.
9:45 of 1st period - Stopped by Semyon Varlamov without a rebound.
9:46 of 1st period - Josh Bailey wins face-off versus Tyler Seguin in SEATTLE GRUNGE zone.
10:02 of 1st period - Shot by Kyle Palmieri.
10:02 of 1st period - Deflect By Tyler Seguin.
10:02 of 1st period - Shot Misses the Net.
10:43 of 1st period - Carl Hagelin is hit by Braden Schneider and loses puck.
10:59 of 1st period - Shot by Roman Josi.
10:59 of 1st period - Shot Blocked by Jack Ahcan.
11:01 of 1st period - Shot by Roman Josi.
11:01 of 1st period - Stopped by Jake Allen without a rebound.
11:02 of 1st period - Radek Faksa wins face-off versus Warren Foegele in VANCOUVER VOODOO zone.
11:11 of 1st period - Shot by Patric Hornqvist.
11:11 of 1st period - Stopped by Semyon Varlamov with a rebound.
11:21 of 1st period - Shot by Patric Hornqvist.
11:21 of 1st period - Stopped by Semyon Varlamov without a rebound.
11:22 of 1st period - Marcus Johansson wins face-off versus Rem Pitlick in SEATTLE GRUNGE zone.
12:02 of 1st period - Shot by Jakub Vrana.
12:02 of 1st period - Shot Blocked by Brendan Lemieux.
12:18 of 1st period - Icing by Mike Reilly.
12:19 of 1st period - Tyler Seguin wins face-off versus Brendan Lemieux in VANCOUVER VOODOO zone.
12:19 of 1st period - Kyle Palmieri is hit by Mike Reilly and loses puck.
12:23 of 1st period - Icing by Brendan Lemieux.
12:24 of 1st period - Marcus Johansson wins face-off versus Tyler Seguin in VANCOUVER VOODOO zone.
12:58 of 1st period - Shot by Tyler Seguin.
12:58 of 1st period - Deflect By Kyle Palmieri.
12:58 of 1st period - Goal by Kyle Palmieri - SEATTLE GRUNGE : 1 - VANCOUVER VOODOO : 0.
12:59 of 1st period - Riley Sheahan wins face-off versus Cole Sillinger in neutral zone.
13:07 of 1st period - Cole Sillinger is hit by Carl Hagelin and loses puck.
13:18 of 1st period - Josh Bailey is hit by Carl Hagelin and loses puck.
13:39 of 1st period - Shot by Morgan Geekie.
13:39 of 1st period - Stopped by Jake Allen with a rebound.
13:59 of 1st period - Radek Faksa is hit by Morgan Geekie and loses puck.
14:18 of 1st period - Shot by Josh Anderson.
14:18 of 1st period - Deflect By Patric Hornqvist.
14:18 of 1st period - Shot Misses the Net.
14:20 of 1st period - Shot by Patric Hornqvist.
14:20 of 1st period - Deflect By Josh Anderson.
14:20 of 1st period - Stopped by Semyon Varlamov without a rebound.
14:21 of 1st period - Adam Gaudette wins face-off versus Tyler Seguin in SEATTLE GRUNGE zone.
14:30 of 1st period - Shot by Dominik Kubalik.
14:30 of 1st period - Shot Blocked by David Savard.
14:59 of 1st period - Kyle Palmieri is hit by Brett Kulak and loses puck.
15:02 of 1st period - Shot by Kyle Palmieri.
15:02 of 1st period - Shot Misses the Net.
15:04 of 1st period - Shot by David Savard.
15:04 of 1st period - Stopped by Jake Allen without a rebound.
15:05 of 1st period - Radek Faksa wins face-off versus Rem Pitlick in VANCOUVER VOODOO zone.
15:36 of 1st period - Shot by Patric Hornqvist.
15:36 of 1st period - Stopped by Semyon Varlamov with a rebound.
16:06 of 1st period - Shot by Anthony Beauvillier.
16:06 of 1st period - Shot Misses the Net.
16:28 of 1st period - Shot by Anthony Beauvillier.
16:28 of 1st period - Shot Blocked by Roman Josi.
16:30 of 1st period - Shot by Cole Sillinger.
16:30 of 1st period - Shot Blocked by David Savard.
16:50 of 1st period - Travis Sanheim is hit by Brendan Lemieux.
17:07 of 1st period - Icing by Nicolas Meloche.
17:08 of 1st period - Dominik Kubalik wins face-off versus Tyler Seguin in SEATTLE GRUNGE zone.
17:25 of 1st period - Shot by Kyle Palmieri.
17:25 of 1st period - Shot Misses the Net.
17:27 of 1st period - Shot by Tomas Tatar.
17:27 of 1st period - Deflect By Tyler Seguin.
17:27 of 1st period - Shot Misses the Net.
17:35 of 1st period - Shot by Kyle Palmieri.
17:35 of 1st period - Shot Misses the Net.
17:37 of 1st period - Shot by Nicolas Meloche.
17:37 of 1st period - Stopped by Jake Allen without a rebound.
17:38 of 1st period - Patric Hornqvist wins face-off versus Rem Pitlick in VANCOUVER VOODOO zone.
17:45 of 1st period - Nikita Zaitsev is hit by Mike Reilly and loses puck.
17:50 of 1st period - Shot by Garnet Hathaway.
17:50 of 1st period - Shot Blocked by Patric Hornqvist.
17:52 of 1st period - Shot by Rem Pitlick.
17:52 of 1st period - Stopped by Jake Allen with a rebound.
17:54 of 1st period - Shot by Garnet Hathaway.
17:54 of 1st period - Shot Misses the Net.
18:14 of 1st period - Shot by Patric Hornqvist.
18:14 of 1st period - Stopped by Semyon Varlamov without a rebound.
18:15 of 1st period - Riley Sheahan wins face-off versus Cole Sillinger in SEATTLE GRUNGE zone.
18:22 of 1st period - Shot by Morgan Geekie.
18:22 of 1st period - Stopped by Jake Allen without a rebound.
18:23 of 1st period - Tyler Seguin wins face-off versus Josh Bailey in VANCOUVER VOODOO zone.
18:38 of 1st period - Shot by Kyle Palmieri.
18:38 of 1st period - Stopped by Jake Allen without a rebound.
18:39 of 1st period - Riley Sheahan wins face-off versus Marcus Johansson in VANCOUVER VOODOO zone.
18:39 of 1st period - Morgan Geekie is hit by Jack Ahcan and loses puck.
18:58 of 1st period - Shot by Carl Hagelin.
18:58 of 1st period - Shot Misses the Net.
18:59 of 1st period - Minor Penalty to Jack Ahcan for Hooking.
19:00 of 1st period - Radek Faksa wins face-off versus Rem Pitlick in VANCOUVER VOODOO zone.
19:06 of 1st period - Icing by Roman Josi.
19:07 of 1st period - Radek Faksa wins face-off versus Rem Pitlick in SEATTLE GRUNGE zone.
19:58 of 1st period - Icing by Roman Josi.
19:59 of 1st period - Josh Bailey wins face-off versus Garnet Hathaway in SEATTLE GRUNGE zone.
19:59 of 1st period - Mike Reilly is hit by David Savard and loses puck.
Goals for this period are 1 for SEATTLE GRUNGE vs 0 for VANCOUVER VOODOO.
Shots for this period are 9 for SEATTLE GRUNGE vs 9 for VANCOUVER VOODOO.

2nd period


0:01 of 2nd period - Radek Faksa wins face-off versus Tyler Seguin in neutral zone.
0:40 of 2nd period - Shot by Roman Josi.
0:40 of 2nd period - Shot Blocked by Patric Hornqvist.
0:44 of 2nd period - Shot by Roman Josi.
0:44 of 2nd period - Shot Blocked by Logan Stanley.
1:21 of 2nd period - Shot by Milan Lucic.
1:21 of 2nd period - Shot Blocked by Jack Ahcan.
1:42 of 2nd period - Icing by Braden Schneider.
1:43 of 2nd period - Cole Sillinger wins face-off versus Garnet Hathaway in VANCOUVER VOODOO zone.
1:49 of 2nd period - Anthony Beauvillier is hit by Garnet Hathaway and loses puck.
2:14 of 2nd period - Shot by Rem Pitlick.
2:14 of 2nd period - Goal by Rem Pitlick - SEATTLE GRUNGE : 2 - VANCOUVER VOODOO : 0.
2:15 of 2nd period - Dominik Kubalik wins face-off versus Kyle Palmieri in neutral zone.
3:02 of 2nd period - David Savard is hit by Patric Hornqvist and loses puck.
3:27 of 2nd period - Shot by Patric Hornqvist.
3:27 of 2nd period - Stopped by Semyon Varlamov without a rebound.
3:28 of 2nd period - Marcus Johansson wins face-off versus Rem Pitlick in SEATTLE GRUNGE zone.
3:28 of 2nd period - Marcus Johansson is hit by Nick Seeler.
3:35 of 2nd period - Icing by Nikita Zaitsev.
3:36 of 2nd period - Cole Sillinger wins face-off versus Rem Pitlick in SEATTLE GRUNGE zone.
3:36 of 2nd period - Josh Bailey is hit by Nikita Zaitsev and loses puck.
3:43 of 2nd period - Braden Schneider is hit by Garnet Hathaway and loses puck.
4:12 of 2nd period - Minor Penalty to Cole Sillinger for Holding.
4:13 of 2nd period - Tyler Seguin wins face-off versus Radek Faksa in VANCOUVER VOODOO zone.
5:05 of 2nd period - Shot by Garnet Hathaway.
5:05 of 2nd period - Deflect By Rem Pitlick.
5:05 of 2nd period - Stopped by Jake Allen without a rebound.
5:06 of 2nd period - Josh Bailey wins face-off versus Rem Pitlick in VANCOUVER VOODOO zone.
5:44 of 2nd period - Nicolas Meloche is hit by Logan Stanley and loses puck.
5:46 of 2nd period - Minor Penalty to Logan Stanley for Hooking.
5:47 of 2nd period - Tyler Seguin wins face-off versus Marcus Johansson in VANCOUVER VOODOO zone.
6:05 of 2nd period - Shot by Tomas Tatar.
6:05 of 2nd period - Stopped by Jake Allen without a rebound.
6:06 of 2nd period - Marcus Johansson wins face-off versus Tyler Seguin in VANCOUVER VOODOO zone.
6:19 of 2nd period - Shot by Tyler Seguin.
6:19 of 2nd period - Deflect By Tomas Tatar.
6:19 of 2nd period - Stopped by Jake Allen without a rebound.
6:20 of 2nd period - Radek Faksa wins face-off versus Rem Pitlick in VANCOUVER VOODOO zone.
7:34 of 2nd period - Shot by Roman Josi.
7:34 of 2nd period - Shot Misses the Net.
7:38 of 2nd period - Shot by Tyler Seguin.
7:38 of 2nd period - Stopped by Jake Allen without a rebound.
7:39 of 2nd period - Radek Faksa wins face-off versus Tyler Seguin in VANCOUVER VOODOO zone.
8:12 of 2nd period - Shot by Denis Gurianov.
8:12 of 2nd period - Shot Misses the Net.
9:05 of 2nd period - Shot by Riley Sheahan.
9:05 of 2nd period - Shot Misses the Net.
9:07 of 2nd period - Shot by Carl Hagelin.
9:07 of 2nd period - Shot Blocked by Logan Stanley.
9:09 of 2nd period - Shot by David Savard.
9:09 of 2nd period - Stopped by Jake Allen with a rebound.
10:16 of 2nd period - Shot by Rem Pitlick.
10:16 of 2nd period - Deflect By Jakub Vrana.
10:16 of 2nd period - Shot Blocked by Mike Reilly.
10:26 of 2nd period - Patric Hornqvist is hit by Garnet Hathaway.
10:44 of 2nd period - Shot by Warren Foegele.
10:44 of 2nd period - Deflect By Milan Lucic.
10:44 of 2nd period - Stopped by Jake Allen without a rebound.
10:45 of 2nd period - Milan Lucic wins face-off versus Marcus Johansson in VANCOUVER VOODOO zone.
11:45 of 2nd period - Icing by Roman Josi.
11:46 of 2nd period - Cole Sillinger wins face-off versus Milan Lucic in SEATTLE GRUNGE zone.
12:16 of 2nd period - Icing by Logan Stanley.
12:17 of 2nd period - Cole Sillinger wins face-off versus Rem Pitlick in VANCOUVER VOODOO zone.
12:17 of 2nd period - Cole Sillinger is hit by Garnet Hathaway.
12:27 of 2nd period - Shot by Josh Bailey.
12:27 of 2nd period - Shot Misses the Net.
12:29 of 2nd period - Shot by Matthew Grzelcyk.
12:29 of 2nd period - Shot Misses the Net.
12:54 of 2nd period - Icing by Brett Kulak.
12:55 of 2nd period - Adam Gaudette wins face-off versus Tyler Seguin in VANCOUVER VOODOO zone.
13:05 of 2nd period - Icing by Nick Seeler.
13:06 of 2nd period - Radek Faksa wins face-off versus Tyler Seguin in SEATTLE GRUNGE zone.
13:11 of 2nd period - Shot by Josh Anderson.
13:11 of 2nd period - Stopped by Semyon Varlamov without a rebound.
13:12 of 2nd period - Tyler Seguin wins face-off versus Radek Faksa in SEATTLE GRUNGE zone.
13:18 of 2nd period - Minor Penalty to Patric Hornqvist for Hooking.
13:18 of 2nd period - Minor Penalty to Kyle Palmieri for Boarding.
13:19 of 2nd period - Radek Faksa wins face-off versus Milan Lucic in neutral zone.
13:48 of 2nd period - Shot by Josh Bailey.
13:48 of 2nd period - Shot Misses the Net.
14:20 of 2nd period - Shot by Tomas Tatar.
14:20 of 2nd period - Stopped by Jake Allen without a rebound.
14:21 of 2nd period - Cole Sillinger wins face-off versus Tomas Tatar in VANCOUVER VOODOO zone.
14:53 of 2nd period - Icing by Roman Josi.
14:54 of 2nd period - Radek Faksa wins face-off versus Tomas Tatar in SEATTLE GRUNGE zone.
15:02 of 2nd period - Off-side.
15:03 of 2nd period - Tyler Seguin wins face-off versus Radek Faksa in neutral zone.
15:06 of 2nd period - Josh Bailey is hit by Milan Lucic and loses puck.
15:29 of 2nd period - Shot by Marcus Johansson.
15:29 of 2nd period - Stopped by Semyon Varlamov without a rebound.
15:30 of 2nd period - Rem Pitlick wins face-off versus Adam Gaudette in SEATTLE GRUNGE zone.
16:02 of 2nd period - Shot by Dominik Kubalik.
16:02 of 2nd period - Stopped by Semyon Varlamov without a rebound.
16:03 of 2nd period - Radek Faksa wins face-off versus Tyler Seguin in SEATTLE GRUNGE zone.
16:39 of 2nd period - Shot by Patric Hornqvist.
16:39 of 2nd period - Shot Misses the Net.
17:36 of 2nd period - Roman Josi is hit by Cole Sillinger and loses puck.
18:07 of 2nd period - Braden Schneider is hit by Riley Sheahan.
18:14 of 2nd period - Brendan Gallagher is hit by Nicolas Meloche and loses puck.
18:28 of 2nd period - Carl Hagelin is hit by Jack Ahcan.
18:33 of 2nd period - Carl Hagelin is hit by Braden Schneider.
18:44 of 2nd period - Icing by Travis Sanheim.
18:45 of 2nd period - Riley Sheahan wins face-off versus Adam Gaudette in SEATTLE GRUNGE zone.
19:01 of 2nd period - Off-side.
19:02 of 2nd period - Radek Faksa wins face-off versus Kyle Palmieri in neutral zone.
19:28 of 2nd period - Shot by Tyler Seguin.
19:28 of 2nd period - Stopped by Jake Allen without a rebound.
19:29 of 2nd period - Rem Pitlick wins face-off versus Cole Sillinger in VANCOUVER VOODOO zone.
19:44 of 2nd period - Off-side.
19:45 of 2nd period - Marcus Johansson wins face-off versus Warren Foegele in neutral zone.
Goals for this period are 1 for SEATTLE GRUNGE vs 0 for VANCOUVER VOODOO.
Shots for this period are 9 for SEATTLE GRUNGE vs 4 for VANCOUVER VOODOO.

3rd period


0:01 of 3rd period - Tyler Seguin wins face-off versus Radek Faksa in neutral zone.
0:27 of 3rd period - Shot by Radek Faksa.
0:27 of 3rd period - Stopped by Semyon Varlamov without a rebound.
0:28 of 3rd period - Rem Pitlick wins face-off versus Cole Sillinger in SEATTLE GRUNGE zone.
0:47 of 3rd period - Shot by Jakub Vrana.
0:47 of 3rd period - Shot Blocked by Josh Bailey.
1:11 of 3rd period - Shot by Josh Bailey.
1:11 of 3rd period - Stopped by Semyon Varlamov without a rebound.
1:12 of 3rd period - Tyler Seguin wins face-off versus Radek Faksa in SEATTLE GRUNGE zone.
1:12 of 3rd period - Tyler Seguin is hit by Radek Faksa.
1:19 of 3rd period - Icing by Logan Stanley.
1:20 of 3rd period - Tyler Seguin wins face-off versus Radek Faksa in VANCOUVER VOODOO zone.
1:31 of 3rd period - Roman Josi is hit by Josh Anderson and loses puck.
1:46 of 3rd period - Shot by Patric Hornqvist.
1:46 of 3rd period - Shot Blocked by Roman Josi.
1:48 of 3rd period - Shot by Radek Faksa.
1:48 of 3rd period - Stopped by Semyon Varlamov without a rebound.
1:49 of 3rd period - Riley Sheahan wins face-off versus Marcus Johansson in SEATTLE GRUNGE zone.
1:49 of 3rd period - Riley Sheahan is hit by Brendan Lemieux.
2:42 of 3rd period - Icing by Roman Josi.
2:43 of 3rd period - Radek Faksa wins face-off versus Rem Pitlick in SEATTLE GRUNGE zone.
3:09 of 3rd period - Icing by David Savard.
3:10 of 3rd period - Rem Pitlick wins face-off versus Cole Sillinger in SEATTLE GRUNGE zone.
3:19 of 3rd period - Shot by Jakub Vrana.
3:19 of 3rd period - Stopped by Jake Allen without a rebound.
3:20 of 3rd period - Anthony Beauvillier wins face-off versus Tyler Seguin in VANCOUVER VOODOO zone.
3:59 of 3rd period - Shot by Anthony Beauvillier.
3:59 of 3rd period - Deflect By Josh Bailey.
3:59 of 3rd period - Goal by Josh Bailey - SEATTLE GRUNGE : 2 - VANCOUVER VOODOO : 1.
4:00 of 3rd period - Rem Pitlick wins face-off versus Radek Faksa in neutral zone.
4:00 of 3rd period - Roman Josi is hit by Radek Faksa and loses puck.
4:31 of 3rd period - Shot by Radek Faksa.
4:31 of 3rd period - Stopped by Semyon Varlamov without a rebound.
4:32 of 3rd period - Riley Sheahan wins face-off versus Marcus Johansson in SEATTLE GRUNGE zone.
4:59 of 3rd period - Morgan Geekie is hit by Jack Ahcan.
5:09 of 3rd period - Shot by Riley Sheahan.
5:09 of 3rd period - Shot Misses the Net.
5:11 of 3rd period - Shot by Riley Sheahan.
5:11 of 3rd period - Shot Misses the Net.
5:51 of 3rd period - Shot by Josh Bailey.
5:51 of 3rd period - Deflect By Cole Sillinger.
5:51 of 3rd period - Shot Misses the Net.
5:53 of 3rd period - Shot by Cole Sillinger.
5:53 of 3rd period - Shot Blocked by Nikita Zaitsev.
5:55 of 3rd period - Shot by Josh Bailey.
5:55 of 3rd period - Stopped by Semyon Varlamov without a rebound.
5:56 of 3rd period - Radek Faksa wins face-off versus Rem Pitlick in SEATTLE GRUNGE zone.
5:57 of 3rd period - Shot by Patric Hornqvist.
5:57 of 3rd period - Shot Blocked by Roman Josi.
6:30 of 3rd period - Jakub Vrana is hit by Logan Stanley.
7:51 of 3rd period - Shot by Marcus Johansson.
7:51 of 3rd period - Stopped by Semyon Varlamov with a rebound.
8:03 of 3rd period - Shot by Brendan Lemieux.
8:03 of 3rd period - Stopped by Semyon Varlamov with a rebound.
8:05 of 3rd period - Shot by Braden Schneider.
8:05 of 3rd period - Deflect By Brendan Gallagher.
8:05 of 3rd period - Shot Misses the Net.
8:07 of 3rd period - Shot by Braden Schneider.
8:07 of 3rd period - Stopped by Semyon Varlamov with a rebound.
8:15 of 3rd period - Icing by Nick Seeler.
8:16 of 3rd period - Tyler Seguin wins face-off versus Adam Gaudette in SEATTLE GRUNGE zone.
8:23 of 3rd period - Icing by Logan Stanley.
8:24 of 3rd period - Adam Gaudette wins face-off versus Riley Sheahan in VANCOUVER VOODOO zone.
8:47 of 3rd period - Shot by Morgan Geekie.
8:47 of 3rd period - Shot Misses the Net.
8:57 of 3rd period - Logan Stanley is hit by Morgan Geekie and loses puck.
9:13 of 3rd period - Off-side.
9:14 of 3rd period - Rem Pitlick wins face-off versus Radek Faksa in neutral zone.
9:14 of 3rd period - Rem Pitlick is hit by Josh Anderson.
9:21 of 3rd period - Icing by Radek Faksa.
9:22 of 3rd period - Radek Faksa wins face-off versus Tyler Seguin in VANCOUVER VOODOO zone.
9:22 of 3rd period - Radek Faksa is hit by Tyler Seguin.
9:32 of 3rd period - Tomas Tatar is hit by Josh Anderson and loses puck.
9:51 of 3rd period - Off-side.
9:52 of 3rd period - Cole Sillinger wins face-off versus Rem Pitlick in neutral zone.
10:50 of 3rd period - Shot by Brendan Gallagher.
10:50 of 3rd period - Stopped by Semyon Varlamov without a rebound.
10:51 of 3rd period - Radek Faksa wins face-off versus Tyler Seguin in SEATTLE GRUNGE zone.
10:56 of 3rd period - Shot by Patric Hornqvist.
10:56 of 3rd period - Shot Misses the Net.
11:13 of 3rd period - Minor Penalty to Tomas Tatar for Roughing.
11:14 of 3rd period - Josh Bailey wins face-off versus Garnet Hathaway in SEATTLE GRUNGE zone.
11:28 of 3rd period - Off-side.
11:29 of 3rd period - Tyler Seguin wins face-off versus Marcus Johansson in neutral zone.
11:54 of 3rd period - Shot by Anthony Beauvillier.
11:54 of 3rd period - Stopped by Semyon Varlamov with a rebound.
12:02 of 3rd period - Shot by Marcus Johansson.
12:02 of 3rd period - Shot Misses the Net.
12:49 of 3rd period - Off-side.
12:50 of 3rd period - Tyler Seguin wins face-off versus Marcus Johansson in neutral zone.
14:39 of 3rd period - Anthony Beauvillier is hit by Nicolas Meloche and loses puck.
15:01 of 3rd period - Shot by Marcus Johansson.
15:01 of 3rd period - Stopped by Semyon Varlamov without a rebound.
15:02 of 3rd period - Tyler Seguin wins face-off versus Adam Gaudette in SEATTLE GRUNGE zone.
15:02 of 3rd period - Tyler Seguin is hit by Dominik Kubalik.
15:35 of 3rd period - Shot by Tyler Seguin.
15:35 of 3rd period - Stopped by Jake Allen with a rebound.
16:36 of 3rd period - Shot by Garnet Hathaway.
16:36 of 3rd period - Deflect By Rem Pitlick.
16:36 of 3rd period - Shot Misses the Net.
16:45 of 3rd period - Shot by Jakub Vrana.
16:45 of 3rd period - Stopped by Jake Allen without a rebound.
16:46 of 3rd period - Cole Sillinger wins face-off versus Carl Hagelin in VANCOUVER VOODOO zone.
17:26 of 3rd period - Icing by Travis Sanheim.
17:27 of 3rd period - Carl Hagelin wins face-off versus Marcus Johansson in SEATTLE GRUNGE zone.
17:27 of 3rd period - Carl Hagelin is hit by Brendan Lemieux.
18:13 of 3rd period - Shot by Roman Josi.
18:13 of 3rd period - Stopped by Jake Allen without a rebound.
18:14 of 3rd period - Radek Faksa wins face-off versus Tyler Seguin in VANCOUVER VOODOO zone.
18:23 of 3rd period - Shot by Radek Faksa.
18:23 of 3rd period - Stopped by Semyon Varlamov without a rebound.
18:24 of 3rd period - Tyler Seguin wins face-off versus Cole Sillinger in SEATTLE GRUNGE zone.
18:57 of 3rd period - Shot by Kyle Palmieri.
18:57 of 3rd period - Shot Misses the Net.
19:15 of 3rd period - VANCOUVER VOODOO, Jake Allen is pulled from the net.
19:26 of 3rd period - Brendan Gallagher is hit by Nick Seeler and loses puck.
19:32 of 3rd period - Brendan Lemieux is hit by Nick Seeler and loses puck.
Goals for this period are 0 for SEATTLE GRUNGE vs 1 for VANCOUVER VOODOO.
Shots for this period are 4 for SEATTLE GRUNGE vs 13 for VANCOUVER VOODOO.


RYAN
NUGENT-HOPKINS
THATCHER
DEMKO
MITCHELL
MARNER

EAST COAST

HOCKEY LEAGUE

  • 13.MAN3PIT5
  • 14.NHW2ATL3
  • 15.PET5WOR4
  • 16.RHI30
  • 17.QUECHI
  • 18.CHALIM
  • 19.TRVLON
  • 20.CHWBAL